 Dungeon Crawl Stone Soup version 0.26-a0-652-gafc20e3620 (webtiles) character file.

Game seed: 12823341685203149921

746 marklar909 the Cutter (level 8, -9/69 HPs)
             Began as a Kobold Artificer on Oct 3, 2020.
             Killed from afar by a gargoyle (17 damage)
             ... with a stone arrow
             ... on level 6 of the Dungeon.
             The game lasted 00:14:08 (10057 turns).

marklar909 the Cutter (Kobold Artificer)           Turns: 10057, Time: 00:14:08

Health: -9/69      AC: 24    Str:  8 (11) XL:     8   Next: 5%
Magic:  8/8        EV:  3    Int: 11 (12) God:
Gold:   224        SH:  0    Dex: 13 (16) Spells: 7/7 levels left

rFire    + . .     SeeInvis .   i - +0 short sword
rCold    + . .     Faith    .   (shield restricted)
rNeg     + + +     Spirit   .   (armour currently unavailable)
rPois    +         Reflect  .   (helmet currently unavailable)
rElec    .         Harm     .   (cloak currently unavailable)
rCorr    .         Rampage  .   (gloves currently unavailable)
MR       .....     NoTele   +   (boots currently unavailable)
Stlth    ++++......             (no amulet)
HPRegen  0.21/turn              m - ring of protection from cold
MPRegen  0.11/turn              a - ring of protection from fire

@: brilliant, tree-form (expiring), very slightly contaminated, invisible
A: small, nightstalker 3
a: no special abilities


You were on level 6 of the Dungeon.
You were a tree.
You visited 1 branch of the dungeon, and saw 6 of its levels.

You collected 260 gold pieces.
You spent 36 gold pieces at shops.

Inventory:

Hand Weapons
 i - a +0 short sword (weapon)
Missiles
 o - 95 bolts
 t - 5 poisoned darts (quivered)
 u - 4 atropa-tipped darts
 z - 8 javelins
Armour
 b - a +1 leather armour (melded)
 j - a +1 chain mail of fire resistance
 r - a +2 pair of boots (melded)
Jewellery
 a - a ring of protection from fire (right branch)
 m - a ring of protection from cold (left branch)
Wands
 c - a wand of flame (1)
 d - a wand of enslavement (1)
Scrolls
 e - 2 scrolls of fear {unknown}
 g - 3 scrolls of identify
 k - 3 scrolls of remove curse
 p - a scroll of random uselessness {unknown}
 y - a scroll of teleportation
Potions
 f - 2 potions of stabbing
 h - 2 potions of magic
 n - 2 potions of lignification
 q - a potion of degeneration
 v - a potion of brilliance


   Skills:
 + Level 3.3 Fighting
 + Level 5.5 Short Blades
 + Level 0.4 Throwing
 + Level 2.7 Armour
 + Level 4.0 Dodging
 + Level 4.8 Stealth
 + Level 5.2 Evocations


You had 7 spell levels left.
You didn't know any spells.
Your spell library was empty.

Dungeon Overview and Level Annotations

Branches:
Dungeon (6/15)             Temple (0/1) D:4

Altars:

Shops:
D:4 =?**

Annotations:
D:4 Pikel


Innate Abilities, Weirdness & Mutations

You are small and have problems with some larger weapons.
You are completely attuned to the shadows.


Message History

You hit the gargoyle but do no damage.
The gargoyle hurls a stone arrow at you.
The stone arrow hits you but does no damage.
You barely miss the gargoyle. You hit the gargoyle but do no damage.
The gargoyle hits you but does no damage.
You barely miss the gargoyle.
The gargoyle hits you with a +0 morningstar.
* * * LOW HITPOINT WARNING * * *
You barely miss the gargoyle.
It was a potion of invisibility.
You fade into invisibility!
The gargoyle hits you but does no damage.
You are very lightly contaminated with residual magic.
You catch the helpless gargoyle completely off-guard!
You puncture the gargoyle!
The gargoyle is heavily damaged.
The gargoyle hurls a stone arrow at you.
The stone arrow hits you!
You die...

###....
#####.#....
##..#..#....
#........... .
#..###......
..####.####.#...#
.....#......#....
#.9♣..#...###...
...........####..
...#............
...###.....#....
.. ..(....##...
..###...#...
...###......
#.......##
####...####


You could see a gargoyle.

Vanquished Creatures
  An ogre (D:5)
  A wyvern zombie (D:6)
  A scorpion (D:5)
  4 hounds
  A jelly (D:5)
  4 iguanas
  An orc wizard (D:6)
  3 worker ants
  A hound skeleton (D:4)
  5 adders
  A worker ant zombie (D:5)
  A shadow imp (D:6)
  3 oozes
  An adder zombie (D:3)
  An adder skeleton (D:5)
  2 worms
  3 dart slugs
  5 leopard geckos
  4 orcs (D:6)
  7 giant cockroaches
  2 goblins
  9 hobgoblins
  9 jackals
  7 kobolds
  2 quokkas
  A ball python (D:1)
  9 bats
  8 frilled lizards
  7 rats
104 creatures vanquished.

Vanquished Creatures (collateral kills)
  A kobold (D:1)
1 creature vanquished.

Vanquished Creatures (others)
  2 lemures (D:4)
  A hound (D:4)
  A jackal (D:1)
4 creatures vanquished.

Grand Total: 109 creatures vanquished

Notes
Turn   | Place    | Note
-------+----------+-------------------------------------------
     0 | D:1      | marklar909 the Kobold Artificer began the quest for the
                  | Orb.
     0 | D:1      | Reached XP level 1. HP: 12/12 MP: 1/1
   392 | D:1      | Reached skill level 1 in Armour
   517 | D:1      | Reached XP level 2. HP: 8/16 MP: 2/2
  1282 | D:1      | Reached XP level 3. HP: 19/20 MP: 3/3
  2492 | D:1      | Reached skill level 1 in Short Blades
  2504 | D:1      | Reached XP level 4. HP: 9/26 MP: 4/4
  4887 | D:3      | Reached XP level 5. HP: 19/31 MP: 5/5
  6313 | D:4      | Found a staircase to the Ecumenical Temple.
  6328 | D:4      | Reached XP level 6. HP: 36/36 MP: 6/6
  6431 | D:4      | Found Xufunofa's Lightly-Used Armoury.
  6432 | D:4      | Found Huxuamment's Assorted Antiques.
  6465 | D:4      | Noticed Pikel
  7001 | D:4      | Found Sinken's Jewellery Emporium.
  7365 | D:5      | Entered Level 5 of the Dungeon
  7504 | D:5      | Noticed an ogre
  7518 | D:5      | Killed an ogre
  7518 | D:5      | Reached XP level 7. HP: 40/40 MP: 7/7
  7992 | D:5      | Reached skill level 5 in Evocations
  8314 | D:4      | Found Qieth's Magic Scroll Shop.
  8327 | D:4      | Bought a scroll of teleportation for 36 gold pieces
  8832 | D:4      | Reached skill level 5 in Short Blades
  9814 | D:6      | Reached XP level 8. HP: 44/46 MP: 8/8
 10021 | D:6      | Noticed a gargoyle
 10039 | D:6      | HP: 3/69 [gargoyle/stone arrow (8)]
 10057 | D:6      | Killed from afar by a gargoyle

Illustrated notes

Levels and vault maps discovered:
D:1:      saegor_arrival_under_anarchy, layout_loops_ring, serial_glass,
          glass_columns_a, glass_columns_b, glass_columns_c, glass_columns_c,
          minmay_strange_pillars
D:2:      layout_rooms, serial_glass, glass_columns_a, glass_columns_c
D:3:      layout_loops_ring, portal_sewer_entry_f, nrook_uturn
D:4:      layout_loops_corners, minmay_temple_entry_drinking_statues,
          serial_shops, shop, nicolae_shop_temple_entry_statues_fountains,
          nicolae_shop_stone, minmay_shop_damaged, uniq_pikel
D:5:      layout_basic
D:6:      layout_cave_pools, serial_shops, shop

Skill      XL: |  1  2  3  4  5  6  7 |
---------------+----------------------+-----
Armour         | 1 2 |  2.7
Evocations     | 4 5 |  5.2
Stealth        | 2 3 4 |  4.8
Short Blades   | 1 3 4 5 |  5.5
Fighting       | 2 3 |  3.3
Dodging        | 3 4 |  4.0
Throwing       | |  0.4

Action                   |  1- 3 |  4- 6 |  7- 9 || total
-------------------------+-------+-------+-------++-------
Melee: Club              |    38 |       |       ||    38
       Short sword       |    89 |   227 |   172 ||   488
       Unarmed           |       |     4 |       ||     4
Throw: Dart              |       |     3 |    11 ||    14
Evoke: Wand              |     3 |    38 |     2 ||    43
  Use: Potion            |     1 |     1 |     9 ||    11
       Scroll            |       |     9 |       ||     9
 Stab: Sleeping          |    12 |    19 |     9 ||    40
       Invisible         |       |       |     1 ||     1
Armor: Leather armour    |    18 |    75 |    23 ||   116
       Skin              |       |       |    11 ||    11
Dodge: Dodged            |   121 |   188 |   104 ||   413

Table legend: (Time is in decaauts)
 A = Elapsed time spent in this place.
 B = Non-inter-level travel time spent in this place.
 C = Inter-level travel time spent in this place.
 D = Time resting spent in this place.
 E = Time spent auto-exploring this place.
 F = Levels seen in this place.
 G = Mean time per level.
                   A        B        C        D        E       F      G
               +--------+--------+--------+--------+--------+-----+--------+
         Total |  10062 |   9638 |    424 |   3646 |   4588 |   6 | 1677.0 |
       Dungeon |  10062 |   9638 |    424 |   3646 |   4588 |   6 | 1677.0 |
               +--------+--------+--------+--------+--------+-----+--------+

Top non-repeatable levels by time:
     D:1: 3798 daAuts
     D:3: 1999 daAuts
     D:4: 1688 daAuts
     D:5: 1175 daAuts
     D:2: 798 daAuts
     D:6: 601 daAuts
